 Dungeon Crawl Stone Soup version 0.28.0 (webtiles) character file.

Game seed: 9983113849177212249

39 blackman the Chopper (level 3, 0/31 HPs)
             Began as a Minotaur Fighter on Feb 5, 2022.
             Slain by a gnoll (1 damage)
             ... on level 2 of the Dungeon.
             The game lasted 00:00:46 (883 turns).

blackman the Chopper (Minotaur Fighter)              Turns: 883, Time: 00:00:47

Health: 0/31       AC:  6    Str: 22    XL:     3   Next: 28%
Magic:  2/2        EV:  9    Int:  5    God:
Gold:   65         SH:  4    Dex:  9    Spells: 2/2 levels left

rFire   . . .      SeeInvis .   a - +0 war axe
rCold   . . .      Faith    .   c - +0 buckler
rNeg    . . .      Spirit   .   b - +0 scale mail
rPois   .          Reflect  .   (helmet restricted)
rElec   .          Harm     .   (no cloak)
rCorr   .          Rampage  .   (no gloves)
Will    .....                   (no boots)
Stlth   ..........              (no amulet)
HPRegen 0.10/turn               (no ring)
MPRegen 0.08/turn               (no ring)

@: no status effects
A: horns 2, retaliatory headbutt
a: no special abilities


You were on level 2 of the Dungeon.
You visited 1 branch of the dungeon, and saw 2 of its levels.

You collected 65 gold pieces.

Inventory:

Hand Weapons
 a - a +0 war axe (weapon)
Armour
 b - a +0 scale mail (worn)
 c - a +0 buckler (worn)
Scrolls
 e - a scroll of fog {unknown}
 f - a scroll of blinking {unknown}
 h - a scroll of fear {unknown}
Potions
 d - 2 potions of might
 g - a potion of curing {unknown}


   Skills:
 - Level 3.6 Fighting
 + Level 4.6 Axes
 - Level 3.6 Armour
 - Level 3.6 Shields


You had 2 spell levels left.
You didn't know any spells.
Your spell library was empty.

Dungeon Overview and Level Annotations

Branches:
Dungeon (2/15)

Altars:

Shops:
D:1 :


Innate Abilities, Weirdness & Mutations

You have a pair of horns on your head.
You reflexively headbutt those who attack you in melee.


Message History

You closely miss the frilled lizard. You hit the gnoll.
The gnoll hits you with a +0 club. The jackal bites you.
A gnoll comes into view. It is wielding a +0 club.
The frilled lizard barely misses you. You furiously retaliate!
You headbutt the frilled lizard!
You kill the frilled lizard!
The gnoll barely misses you.
The gnoll shouts!
You slash the gnoll!
You kill the gnoll!
You hit the jackal.
You kill the jackal!
The gnoll hits you from afar with a +0 halberd!
A gnoll comes into view. It is wielding a +0 whip.
The endoplasm hits you.
You have reached level 3!
Your experience leads to an increase in your attributes!
Increase (S)trength, (I)ntelligence, or (D)exterity?
You feel stronger. x2
The gnoll shouts!
The gnoll barely misses you. The endoplasm freezes you.
You are frozen.
* * * LOW HITPOINT WARNING * * *
You see here a +0 club.
The gnoll closely misses you. The endoplasm closely misses you.
The endoplasm misses you.
There is an open door here.
You barely miss the endoplasm. The gnoll completely misses you.
The endoplasm hits you.
* * * LOW HITPOINT WARNING * * *
The gnoll hits you from afar with a +0 halberd.
* * * LOW HITPOINT WARNING * * *
You slash the endoplasm!
You kill the endoplasm!
The gnoll hits you from afar with a +0 halberd.
* * * LOW HITPOINT WARNING * * *
You hit the gnoll but do no damage. The gnoll closely misses you.
The gnoll hits you with a +0 club.
You die...

......## ......#
......###
#.#####+#####.._....#
...........##.....#
..#####.##.##††...#
..##.##.##.##.....#.##
........##.##.)..(....
.#.#.##.##.@ggg.....##
.#.#<##'#####.......#
........<# #........#
.....#...# ######..##
.........# ....
#.#......# .≈≈
......#### ≈≈ #.#.#.
......


You could see 3 gnolls.

Vanquished Creatures
  A gnoll (D:2)
  2 bats (D:1)
  6 endoplasms
  A giant cockroach (D:1)
  4 goblins (D:1)
  4 hobgoblins (D:1)
  3 jackals (D:2)
  A ball python (D:1)
  A frilled lizard (D:2)
  A rat (D:1)
24 creatures vanquished.

Notes
Turn   | Place    | Note
-------+----------+-------------------------------------------
     0 | D:1      | blackman the Minotaur Fighter began the quest for the Orb.
     0 | D:1      | Reached XP level 1. HP: 19/19 MP: 0/0
   189 | D:1      | Reached skill level 3 in Axes
   253 | D:1      | Reached XP level 2. HP: 21/26 MP: 1/1
   350 | D:1      | Found Kidus's Book Shop.
   509 | D:1      | Reached skill level 4 in Axes
   868 | D:2      | Found a faded altar of an unknown god.
   877 | D:2      | Reached XP level 3. HP: 10/31 MP: 2/2
   882 | D:2      | HP: 1/31 [gnoll (6)]
   883 | D:2      | Slain by a gnoll

Illustrated notes

Levels and vault maps discovered:
D:1:      dpeg_arrival_castle, layout_basic, serial_shops, nicolae_shop_crystal,
          minmay_tripent
D:2:      layout_basic, ebering_ecumenical_altar_sacrificial, dk_noncrumbling_2,
          dk_vineyard_3, minivault_14, uniq_terence

Skill      XL: |  1  2 |
---------------+-------+-----
Axes           | 3 4 |  4.6
Fighting       | |  3.6
Armour         | |  3.6
Shields        | |  3.6

Action                   || total
-------------------------++-------
Melee: War axe           ||    41
       Headbutt          ||     3
Armor: Scale mail        ||    15
Dodge: Dodged            ||    27
Block: Buckler           ||    11
